 Dungeon Crawl Stone Soup version 0.31-a0-868-g674d60d6f7 (webtiles) character file.

Game seed: 6610309779151930679

46549 GigaChad the Severer (level 14, -5/113 HPs) *EXPLORE*
             Began as a Formicid Fighter on Oct 11, 2023.
             Was an Initiate of Gozag.
             Killed from afar by a shock serpent (20 damage)
             ... with a bolt of electricity
             ... on level 2 of the Snake Pit.
             The game lasted 00:26:30 (16280 turns).

GigaChad the Severer (Formicid Fighter)            Turns: 16280, Time: 00:26:31

Health: -5/113     AC: 23    Str: 26    XL:     14   Next: 77%
Magic:  14/14      EV:  7    Int:  8    God:    Gozag
Gold:   3290       SH: 18    Dex: 15    Spells: 13/13 levels left

rFire   . . .        V - +2 quarterstaff (spect)
rCold   + . .        G - +0 kite shield
rNeg    + + .        N - +4 plate armour {rN+}
rPois   .            (helmet unavailable)
rElec   .            t - +2 cloak {rCorr}
rCorr   +            (no gloves)
SInv    +            (no boots)
Will    .....        h - amulet of reflection Stlth
                     i - ring of flight
HPRegen 0.38/turn    b - ring of Cushue {rC+ rN+ Will- rCorr Dex+2}
MPRegen 0.14/turn

%: reflection
@: flying, studying Dodging
A: permanent stasis, dig shafts and tunnels, antennae 3, four strong arms
a: Dig, Shaft Self, Renounce Religion, Potion Petition, Call Merchant, Bribe
Branch


You were on level 2 of the Snake Pit.
You worshipped Gozag.
Gozag was most pleased with you.
You visited 4 branches of the dungeon, and saw 15 of its levels.
You also visited: Sewer.

You collected 3784 gold pieces.
You spent 420 gold pieces at shops.
You paid 74 gold pieces to Gozag.

Inventory:

Hand Weapons
 a - a +2 war axe
 y - a +0 demon whip of venom
 H - a +0 battleaxe
 L - the +2 arbalest of Certain Death {elec, Fragile Will+ Int+4}
   (You found it on level 9 of the Dungeon)

   Int+4:     It affects your intelligence (+4).
   Will+:     It increases your willpower.
   Fragile:   It will be destroyed if unequipped.
 M - the +8 great mace of Amacki {flame, Will+ Dex+4}
   (You found it on level 9 of the Dungeon)

   Dex+4:     It affects your dexterity (+4).
   Will+:     It increases your willpower.
 R - the +6 flail "Pendulum" {venom, rElec rCorr Int-5}
   (You found it on level 2 of the Lair of Beasts)

   Int-5:     It affects your intelligence (-5).
   rElec:     It insulates you from electricity.
   rCorr:     It protects you from acid and corrosion.
 V - a +2 spectral quarterstaff (weapon)
Missiles
 D - a throwing net
Armour
 t - a +2 cloak of preservation (worn)
 G - a +0 kite shield (worn)
 N - a +4 plate armour of positive energy (worn)
Jewellery
 b - the ring of Cushue (right hand) {rC+ rN+ Will- rCorr Dex+2}
   (You bought it in a shop on level 2 of the Dungeon)

   [ring of resist corrosion]

   Dex+2:     It affects your dexterity (+2).
   rC+:       It protects you from cold.
   rN+:       It protects you from negative energy.
   Will-:     It decreases your willpower.
   rCorr:     It protects you from acid and corrosion.
 h - an amulet of reflection (around neck)
 i - a ring of flight (left hand)
 r - a ring of fire
 A - a ring of protection from fire
 I - an amulet of regeneration
 J - the ring "Agraud Ydige" {+Blink rPois rC- AC+4 Dex+4}
   (You found it on level 9 of the Dungeon)

   [ring of protection]

   AC+4:      It affects your AC (+4).
   Dex+4:     It affects your dexterity (+4).
   rC-:       It makes you vulnerable to cold.
   rPois:     It protects you from poison +Blink: It lets you blink.
 K - the ring "Xuysh" {Drain rC++ Str+9 Int+6 Dex-2}
   (You found it on level 9 of the Dungeon)

   [ring of intelligence]

   Str+9:     It affects your strength (+9).
   Int+6:     It affects your intelligence (+6).
   Dex-2:     It affects your dexterity (-2).
   rC++:      It greatly protects you from cold.
   Drain:     It drains your maximum health when unequipped.
 S - a ring of resist corrosion
Talismans
 T - a serpent talisman
Wands
 k - a wand of digging (12)
 p - a wand of light (7)
 s - a wand of polymorph (19)
 C - a wand of roots (11)
Scrolls
 e - 2 scrolls of fog
 g - 6 scrolls of identify
 j - 4 scrolls of noise
 l - 2 scrolls of blinking
 n - a scroll of vulnerability
 o - 4 scrolls of poison
 q - 10 scrolls of teleportation
 F - 3 scrolls of revelation
 Q - a scroll of enchant armour
 U - a scroll of immolation
Potions
 c - 2 potions of heal wounds {unknown}
 d - 3 potions of might
 f - 2 potions of invisibility {unknown}
 m - 2 potions of lignification {unknown}
 u - 2 potions of mutation {unknown}
 v - 3 potions of enlightenment {unknown}
 w - a potion of attraction {unknown}
 x - 5 potions of curing {unknown}
 z - a potion of magic {unknown}
 B - 2 potions of cancellation {unknown}
 E - a potion of haste {unknown}
 O - a potion of brilliance {unknown}
 P - a potion of degeneration {unknown}


   Skills:
 * Level 11.3 Fighting
 * Level 15.4(16.1) Axes
 * Level 7.2(12.3) Maces & Flails
 * Level 12.3 Armour
 * Level 14.5 Shields


You had 13 spell levels left.
You didn't know any spells.
Your spell library contained the following spells:

 Spells                   Type           Power      Damage    Failure   Level
 Kiss of Death            Conj/Necr      0%         2d5       99%         1
 Magic Dart               Conj           0%         1d3       99%         1
 Searing Ray              Conj           0%         2d4       100%        2
 Confusing Touch          Hex            0%         N/A       100%        3
 Dispel Undead            Necr           0%         3d6       100%        4
 Fulminant Prism          Conj/Hex       0%         3d5       100%        4
 Arcjolt                  Conj/Air       0%         1d10      100%        5
 Iskenderun's Battlesphe  Conj           0%         2d6       100%        5
 Bombard                  Conj/Erth      0%         9d1       100%        6
 Plasma Beam              Fire/Air       0%         2x1d10    100%        6
 Spellforged Servitor     Conj/Summ      0%         N/A       100%        7
 Vhi's Electric Charge    Tloc/Air       Unusable   N/A       N/A         4

Dungeon Overview and Level Annotations

Branches:
Dungeon (9/15)             Temple (1/1) D:4            Lair (3/5) D:9
 Shoals (0/4) Lair:2        Snake (2/4) Lair:3        Sewer (visited)
    Orc: D:9-12

Altars:
Ashenzari
Cheibriados
Dithmenos
Fedhas
Gozag
Hepliaklqana
Kikubaaqudgha
Makhleb
Nemelex Xobeh
Okawaru
Qazlal
Ru
Sif Muna
Trog
Uskayaw
Vehumet
Wu Jian
Xom
Yredelemnul
Zin
The Shining One

Shops:
D:2 =

Annotations:
Snake:1 2 transporters, exclusion: orange crystal statue


Innate Abilities, Weirdness & Mutations

You cannot be hasted, slowed, berserked, paralysed or teleported.
You can dig through walls and to a lower floor.
You have a pair of large antennae on your head. (SInv)
Your four strong arms can wield two-handed weapons with a shield.


Message History

Your +2 spectral quarterstaff hits the shock serpent.
The shock serpent's electric aura discharges, shocking you!
The shock serpent shoots out a bolt of lightning at you!
The bolt of electricity hits you!!
The shock serpent shoots out a bolt of lightning at you!
The bolt of electricity hits you!
You are too injured to fight recklessly!
Unknown command.
You are too injured to fight recklessly!
Unknown command.
Unknown command.
You are too injured to fight recklessly!
You are too injured to fight recklessly!
You swap places.
Your +2 spectral quarterstaff disappears.
The shock serpent shoots out a bolt of lightning at you!
The bolt of electricity hits you!
* * * LOW HITPOINT WARNING * * *
You sock the shock serpent!
The shock serpent is heavily wounded.
Your +2 spectral quarterstaff hits the shock serpent!
The shock serpent's electric aura discharges, shocking your +2 spectral quarterstaff!
Your +2 spectral quarterstaff resists.
The shock serpent shoots out a bolt of lightning at your +2 spectral quarterstaff!
The bolt of electricity hits your +2 spectral quarterstaff!
Your +2 spectral quarterstaff resists.
Your spectral weapon shares its damage with you!
* * * LOW HITPOINT WARNING * * *
The shock serpent shoots out a bolt of lightning at your +2 spectral quarterstaff!
The bolt of electricity hits your +2 spectral quarterstaff.
Your +2 spectral quarterstaff resists.
Your spectral weapon shares its damage with you!
* * * LOW HITPOINT WARNING * * *
Unknown command.
You swap places.
Your +2 spectral quarterstaff disappears.
The shock serpent shoots out a bolt of lightning at you!
The bolt of electricity hits you!!
You die...
Your body crumbles into a pile of gold.

#..... .......#
#..... .......
...... #.....
......<......#
##....
##......#....#
##..#
#..<...##....#
########..#
#......##....#
..........#
#......##S...#
..........#
#.........@..#
..........#
#.........#.##
..........#
#......##......
#.#####....
#......##.......#
#....
#......####.#####
#....
######......###
.# #....
##......#......#
^# #....
#..............#
.# ......
...............#
............


You could see a shock serpent.

Vanquished Creatures
  Gastronok (Lair:2)
  Aizul (Snake:1)
  2 salamander tyrants
  5 anacondas
  A boulder beetle (D:9)
  2 naga warriors (Snake:1)
  A tengu warrior (D:9)
  A shock serpent (Snake:2)
  A skeletal warrior (D:9)
  Amaemon (Lair:2)
  2 naga sharpshooters (Snake:1)
  A salamander mystic (Snake:2)
  A sea snake (Snake:2)
  A naga ritualist (Snake:1)
  Pikel (D:4)
  5 mana vipers (Snake:1)
  2 ugly things (D:9)
  6 salamanders
  A guardian serpent (shapeshifter) (D:9)
  15 elephants
  11 black mambas
  4 naga magi
  6 cane toads
  A rime drake (Lair:1)
  An orange demon (Lair:2)
  5 komodo dragons
  2 trolls (D:9)
  4 blink frogs (Lair:1)
  A snapping turtle (Lair:2)
  A wraith (D:9)
  A shadow (D:9)
  34 yaks
  Sigmund (D:4)
  3 wyverns
  Eustachio (D:5)
  A basilisk (Lair:2)
  4 steam dragons
  5 nagas
  2 acid dragons (D:9)
  6 water moccasins
  5 orc warriors
  2 sky beasts
  3 black bears
  An ice beast (D:6)
  8 wolves
  2 centaurs (D:8)
  A phantom (D:6)
  A kobold brigand (D:9)
  6 bullfrogs
  A gnoll sergeant (D:9)
  5 scorpions
  3 wights (D:6)
  4 killer bees (D:8)
  A howler monkey (D:9)
  6 electric eels
  2 jellies (D:5)
  2 lava snakes (Lair:3)
  4 crimson imps (D:5)
  7 orc priests
  4 hounds
  2 gnoll boudas (D:5)
  2 sleepcaps (D:7)
  3 iguanas
  Ijyb (D:5)
  11 orc wizards
  A mummy (D:6)
  Robin (D:2)
  14 adders
  9 gnolls
  5 river rats
  A shadow imp (D:7)
  3 white imps
  2 ufetubi
  2 worms
  2 dart slugs (D:1)
  36 orcs
  7 bats
  6 endoplasms
  A giant cockroach (D:4)
  6 hobgoblins
  3 jackals (D:3)
  13 kobolds
  A quokka (D:5)
  10 ball pythons
  8 frilled lizards
  14 goblins
  9 rats
386 creatures vanquished.

Vanquished Creatures (others)
  A naga ritualist (Snake:1)
  A naga mage (Snake:2)
  A lava snake (Lair:3)
  A spectral weapon (Snake:2)
4 creatures vanquished.

Grand Total: 390 creatures vanquished

Notes
Turn   | Place    | Note
-------+----------+-------------------------------------------
     0 | D:1      | GigaChad the Formicid Fighter began the quest for the Orb.
     0 | D:1      | Reached XP level 1. HP: 18/18 MP: 1/1
     0 | D:1      | Entered explore mode.
    70 | D:1      | Reached XP level 2. HP: 20/24 MP: 2/2
  1069 | D:2      | HP: 1/24 [gnoll/+0 club (4)]
  1071 | D:2      | Reached XP level 3. HP: 1/29 MP: 3/3
  1207 | D:2      | Noticed Robin
  1208 | D:2      | Found Peihe's Jewellery Shop.
  1221 | D:2      | Slain by a goblin
                  | ... wielding a +0 club
                  | ... led by Robin
                  | (6 damage)
  1236 | D:2      | Slain by Robin
                  | ... wielding a +0 trident
                  | (4 damage)
  1237 | D:2      | Reached XP level 4. HP: 37/37 MP: 4/4
  1238 | D:2      | Killed Robin
  1239 | D:2      | Reached skill level 3 in Axes
  1545 | D:2      | Found a glowing golden altar of the Shining One.
  1977 | D:3      | Found a glowing golden altar of the Shining One.
  2190 | D:3      | Reached XP level 5. HP: 35/42 MP: 5/5
  2371 | D:4      | Found an ancient bone altar of Kikubaaqudgha.
  2375 | D:4      | Noticed a lemure
  2375 | D:4      | Noticed a lemure
  2375 | D:4      | Noticed Pikel
  2379 | D:4      | Noticed a lemure
  2380 | D:4      | Noticed a lemure
  2385 | D:4      | Killed from afar by Pikel (6 damage)
                  | ... with a bolt of light
  2393 | D:4      | Demolished by Pikel
                  | ... wielding a +1 whip of electrocution
                  | (19 damage)
  2397 | D:4      | HP: 2/42 [Pikel/bolt of light (20)]
  2399 | D:4      | Killed from afar by Pikel (26 damage)
                  | ... with a bolt of light
  2403 | D:4      | Killed from afar by Pikel (8 damage)
                  | ... with a bolt of light
  2413 | D:4      | Slain by Pikel
                  | ... wielding a +1 whip of electrocution
                  | (8 damage)
  2414 | D:4      | Killed Pikel
  2415 | D:4      | Reached skill level 5 in Axes
  2415 | D:4      | Reached skill level 5 in Armour
  2415 | D:4      | Reached skill level 5 in Shields
  2415 | D:4      | Reached XP level 6. HP: 49/49 MP: 6/6
  2415 | D:4      | Reached XP level 7. HP: 55/55 MP: 7/7
  2684 | D:4      | Noticed Sigmund
  2691 | D:4      | Killed Sigmund
  2692 | D:4      | Reached XP level 8. HP: 54/61 MP: 8/8
  2733 | D:4      | Reached skill level 6 in Axes
  2840 | D:4      | Reached skill level 5 in Fighting
  3001 | D:4      | Found a staircase to the Ecumenical Temple.
  3173 | D:4      | Found a blossoming altar of Fedhas.
  3257 | Temple   | Entered the Ecumenical Temple
  3296 | Temple   | Became a worshipper of Gozag Ym Sagoz the Greedy
  3496 | D:5      | Entered Level 5 of the Dungeon
  3645 | D:5      | Found a glowing drain.
  3666 | Sewer    | Entered a sewer
  4588 | D:5      | Noticed Ijyb
  4597 | D:5      | Constricted to death by Ijyb (2 damage)
  4603 | D:5      | Killed Ijyb
  4624 | D:5      | Reached skill level 7 in Axes
  4696 | D:5      | Noticed Eustachio
  4717 | D:5      | HP: 2/47 [poisoned by Eustachio]
  4719 | D:5      | Slain by Eustachio
                  | ... wielding a +0 rapier of venom
                  | (4 damage)
  4728 | D:5      | Killed Eustachio
  4729 | D:5      | Reached XP level 9. HP: 7/61 MP: 9/9
  4730 | D:5      | HP: 3/61 [poisoned by Eustachio]
  4731 | D:5      | HP: 1/61 [poisoned by Eustachio]
  4732 | D:5      | Succumbed to Eustachio's poison
  4796 | D:5      | Found a shimmering altar of Xom.
  5030 | D:5      | Found a sacrificial altar of Ru.
  5203 | D:6      | Found a broken altar of Ashenzari.
  5248 | D:6      | Reached skill level 8 in Axes
  5427 | D:2      | Bought the ring of Cushue {rC+ rN+ Will- rCorr Dex+2} for
                  | 420 gold pieces
  5892 | D:6      | Found a snail-covered altar of Cheibriados.
  6644 | D:7      | Reached skill level 9 in Axes
  6712 | D:7      | HP: 2/71 [poisoned by a water moccasin]
  6713 | D:7      | Succumbed to a water moccasin's poison
  6888 | D:7      | Found a hide-covered altar of Uskayaw.
  6967 | D:7      | Reached XP level 10. HP: 77/77 MP: 10/10
  7319 | D:7      | Found a shimmering blue altar of Sif Muna.
  7322 | D:7      | Found a glowing silver altar of Zin.
  7549 | D:8      | Identified the +6 falchion "Beetlebane" {flame, Str+2
                  | Int+5}
  7631 | D:8      | Reached skill level 10 in Axes
  8652 | D:9      | Found a sparkling altar of Nemelex Xobeh.
  9070 | D:9      | Reached XP level 11. HP: 37/84 MP: 11/11
  9369 | D:9      | Noticed a tengu warrior
  9381 | D:9      | Killed a tengu warrior
  9382 | D:9      | Reached skill level 11 in Axes
  9493 | D:9      | Noticed a brown ugly thing
  9504 | D:9      | Killed a brown ugly thing
  9656 | D:9      | Noticed a skeletal warrior
  9670 | D:9      | Noticed a boulder beetle
  9671 | D:9      | Slain by a guardian serpent (shapeshifter) (11 damage)
  9682 | D:9      | Noticed a red ugly thing
  9683 | D:9      | Slain by a skeletal warrior
                  | ... wielding a +0 hand axe
                  | (10 damage)
  9686 | D:9      | Killed a skeletal warrior
  9687 | D:9      | Reached skill level 10 in Shields
  9701 | D:9      | Killed a red ugly thing
  9715 | D:9      | HP: 3/86 [boulder beetle (4)]
  9716 | D:9      | Mangled by a boulder beetle (12 damage)
  9741 | D:9      | Killed a boulder beetle
  9767 | D:9      | Identified the +8 great mace of Amacki {flame, Will+ Dex+4}
  9767 | D:9      | Identified the +2 arbalest of Certain Death {elec, Fragile
                  | Will+ Int+4}
  9767 | D:9      | Identified the ring "Agraud Ydige" {+Blink rPois rC- AC+4
                  | Dex+4}
  9767 | D:9      | Identified the ring "Xuysh" {Drain rC++ Str+9 Int+6 Dex-2}
 10219 | D:9      | Found a staircase to the Lair.
 10299 | D:9      | Reached skill level 1 in Maces & Flails
 10489 | Lair:1   | Entered Level 1 of the Lair of Beasts
 10599 | Lair:1   | Slain by a yak (13 damage)
 10608 | Lair:1   | HP: 4/87 [yak (7)]
 10611 | Lair:1   | Reached XP level 12. HP: 6/94 MP: 12/12
 10611 | Lair:1   | HP: 1/94 [yak (5)]
 10613 | Lair:1   | Slain by a yak (4 damage)
 10661 | Lair:1   | Reached skill level 12 in Axes
 10926 | Lair:1   | Reached skill level 10 in Armour
 11676 | Lair:2   | Reached skill level 5 in Maces & Flails
 11685 | Lair:2   | Slain by a yak (7 damage)
 11687 | Lair:2   | Reached skill level 13 in Axes
 11699 | Lair:2   | Reached XP level 13. HP: 54/102 MP: 13/13
 12227 | Lair:2   | Reached skill level 10 in Fighting
 12579 | Lair:2   | Noticed Gastronok
 12599 | Lair:2   | Killed Gastronok
 12600 | Lair:2   | Reached skill level 14 in Axes
 12678 | Lair:2   | Noticed Amaemon
 12707 | Lair:2   | Killed Amaemon
 13114 | Lair:2   | Identified the +6 flail "Pendulum" {venom, rElec rCorr
                  | Int-5}
 13174 | Lair:2   | Found a staircase to the Shoals.
 13677 | Lair:3   | Slain by a salamander
                  | ... wielding a +0 halberd
                  | (13 damage)
 13735 | Lair:3   | Found a staircase to the Snake Pit.
 13746 | Lair:3   | Killed from afar by a lava snake (23 damage)
                  | ... with a glob of lava
 13882 | Snake:1  | Entered Level 1 of the Snake Pit
 13899 | Snake:1  | Slain by a black mamba (10 damage)
 13907 | Snake:1  | HP: 2/104 [poisoned by a naga warrior (splash of poison)]
 13907 | Snake:1  | Constricted to death by a naga warrior (2 damage)
 13916 | Snake:1  | Shot with a bolt by a naga sharpshooter (11 damage)
 13924 | Snake:1  | Noticed an anaconda
 13962 | Snake:1  | Killed an anaconda
 14269 | Snake:1  | Noticed an anaconda
 14270 | Snake:1  | Noticed an anaconda
 14273 | Snake:1  | Noticed a nagaraja
 14273 | Snake:1  | Noticed Aizul
 14277 | Snake:1  | Noticed an anaconda
 14280 | Snake:1  | Killed from afar by Aizul (49 damage)
                  | ... with a bolt of poison
 14286 | Snake:1  | HP: 5/104 [constriction[a naga ritualist] (1)]
 14286 | Snake:1  | Killed from afar by Aizul (20 damage)
                  | ... with a bolt of poison
 14288 | Snake:1  | Annihilated by a mana viper (36 damage)
 14290 | Snake:1  | Killed an anaconda
 14292 | Snake:1  | Succumbed to Aizul's bolt of poison
 14294 | Snake:1  | Reached XP level 14. HP: 61/111 MP: 1/14
 14297 | Snake:1  | Succumbed to a naga ritualist's toxic radiance
 14300 | Snake:1  | HP: 5/111 [Aizul (1)]
 14301 | Snake:1  | Succumbed to a naga ritualist's toxic radiance
 14302 | Snake:1  | Killed Aizul
 14308 | Snake:1  | HP: 3/111 [naga ritualist/+0 war axe (9)]
 14309 | Snake:1  | Succumbed to a naga ritualist's splash of poison
 14431 | Snake:1  | HP: 5/111 [black mamba[a naga ritualist] (3)]
 14431 | Snake:1  | Slain by an anaconda (5 damage)
                  | ... led by a naga ritualist
 14442 | Snake:1  | HP: 3/111 [naga sharpshooter/arrow (3)]
 14443 | Snake:1  | HP: 1/111 [poisoned by a naga warrior (splash of poison)]
 14443 | Snake:1  | Killed from afar by a salamander tyrant (17 damage)
 14452 | Snake:1  | HP: 4/111 [poisoned by a naga ritualist (toxic radiance)]
 14453 | Snake:1  | Killed by Olgreb's Toxic Radiance
                  | ... invoked by a naga ritualist
                  | (4 damage)
 14462 | Snake:1  | Demolished by a salamander tyrant (29 damage)
 14469 | Snake:1  | Reached skill level 15 in Axes
 14475 | Snake:1  | HP: 1/111 [mana viper[a naga ritualist] (5)]
 14477 | Snake:1  | Succumbed to a naga ritualist's toxic radiance
 14489 | Snake:1  | Succumbed to a black mamba's poison
 14501 | Snake:1  | HP: 3/111 [naga warrior/+0 war axe (25)]
 14502 | Snake:1  | Succumbed to a naga warrior's splash of poison
 14518 | Snake:1  | Mangled by a salamander
                  | ... wielding a +0 spear
                  | (15 damage)
 14544 | Snake:1  | HP: 2/113 [poisoned by naga (concentrated venom)]
 14545 | Snake:1  | Succumbed to a naga mage's splash of poison
 14803 | Snake:1  | Found a transporter.
 14809 | Snake:1  | Identified the +9 broad axe "Kaosei" {pain, +Blink Str+4}
 14822 | Snake:1  | Found a transporter.
 15000 | Snake:1  | HP: 5/113 [constriction (3)]
 15001 | Snake:1  | Succumbed to a naga mage's bolt of poison
 15316 | Snake:2  | HP: 3/113 [naga mage/+0 spear (10)]
 15317 | Snake:2  | Succumbed to a naga mage's splash of poison
 15343 | Snake:2  | Succumbed to a sea snake's poison
 15887 | Snake:2  | HP: 5/113 [salamander (2)]
 15887 | Snake:2  | Mangled by a salamander (15 damage)
 15895 | Snake:2  | Killed from afar by a salamander tyrant (36 damage)
                  | ... with a flame surge
 15902 | Snake:2  | Killed from afar by a salamander tyrant (33 damage)
                  | ... with a flame surge
 16280 | Snake:2  | Killed from afar by a shock serpent

Illustrated notes

Levels and vault maps discovered:
D:1:      dpeg_arrival_ratfight, layout_loops_corners
D:2:      layout_loops_cross, basic_altar, serial_shops,
          nicolae_shop_gaudy_bauble, minmay_pentomino_s2, uniq_robin
D:3:      layout_basic, mainiacjoe_overflow_brackets
D:4:      layout_loops_ring, fedhas_altar_decomposition,
          kiku_gazebo_garden_becter, temple_hall,
          chequers_serial_rivers_micro_e, minmay_tree_intersection,
          nicolae_houndstooth_variations, uniq_pikel, uniq_sigmund
D:5:      layout_gridville, led_xom_imps, mainiacjoe_overflow_boulevard,
          cheibrodos_sewer_entry_sluice, uniq_ijyb, uniq_eustachio
D:6:      layout_basic, ashenzari_altar_1, slow_altar_2
D:7:      layout_cave_pools, minmay_overflow_temple_star_quad, minivault_26
D:8:      layout_gridville, lemuel_flame_loot_1
D:9:      minmay_the_grid_plus_closed [minmay_the_grid_paths,
          minmay_the_grid_garden, minmay_the_grid_tree,
          minmay_the_grid_pillar_ring, minmay_the_grid_prize_shrinking_boxes],
          layout_grid_maze, nemelex_xobeh_ov_fountains_minmay,
          grunt_lair_entry_orc_guard_hut
Temple:   hellmonk_temple_beads
Lair:1:   layout_cave_pods, serial_bayou_shore_b, grunt_megastairs_3
Lair:2:   layout_small_grid, minmay_shoals_entry_hut, st_stairs_4,
          hibernation_bobbens, uniq_amaemon, uniq_gastronok
Lair:3:   layout_gridlike, nicolae_snake_entry_warm_welcome, serial_bayou,
          serial_bayou_lake_a, serial_bayou_shore_b, serial_bayou_crossing,
          serial_bayou_pond_a, guppyfry_lair_drakes, uniq_nergalle
Snake:1:  gammafunk_sealed_arena, layout_rooms, nicolae_snake_squiggles,
          uniq_aizul
Snake:2:  layout_gridlike, serial_shops, shop, nicolae_snake_snake_lake

Skill      XL: |  1  2  3  4  5  6  7  8  9 10 11 12 13 14 |
---------------+-------------------------------------------+-----
Axes           | 3 5 7 9 10 11 13 14 15 | 15.4
Armour         | 4 5 6 7 8 9 10 11 12 | 12.3
Fighting       | 4 5 6 7 8 9 10 11 | 11.3
Shields        | 5 6 7 9 10 12 13 14 | 14.5
Maces & Flails | 3 5 6 7 |  7.2

Action                     |  1- 3 |  4- 6 |  7- 9 | 10-12 | 13-15 || total
---------------------------+-------+-------+-------+-------+-------++-------
  Melee: War axe           |    71 |   107 |   384 |   187 |       ||   749
         Battleaxe         |       |       |       |   174 |   432 ||   606
         Great mace        |       |       |       |    84 |       ||    84
         Quarterstaff      |       |       |       |       |    72 ||    72
Ability: Dig               |       |       |     3 |       |       ||     3
    Use: Scroll            |       |       |    14 |     2 |     1 ||    17
   Stab: Distracted        |       |       |     2 |     3 |     3 ||     8
 Armour: Scale mail        |    66 |    90 |   177 |       |       ||   333
         Chain mail        |       |       |   123 |    24 |       ||   147
         Plate armour      |       |       |       |   448 |   679 ||  1127
         Skin              |       |       |       |     5 |       ||     5
  Dodge: Dodged            |    40 |    49 |   144 |   167 |   146 ||   546
  Block: Buckler           |    16 |    25 |   112 |    39 |       ||   192
         Kite shield       |       |       |       |   470 |   581 ||  1051
         Reflection        |       |       |       |     5 |    29 ||    34

Table legend: (Time is in decaauts)
 A = Elapsed time spent in this place.
 B = Non-inter-level travel time spent in this place.
 C = Inter-level travel time spent in this place.
 D = Time resting spent in this place.
 E = Time spent auto-exploring this place.
 F = Levels seen in this place.
 G = Mean time per level.
                   A        B        C        D        E       F      G
               +--------+--------+--------+--------+--------+-----+--------+
         Total |  16493 |  15884 |    609 |   1295 |  10799 |  16 | 1030.8 |
       Dungeon |  10083 |   9661 |    422 |    730 |   6817 |   9 | 1120.3 |
        Temple |     78 |      2 |     76 |      0 |      0 |   1 |   78.0 |
          Lair |   3437 |   3348 |     89 |     76 |   2459 |   3 | 1145.7 |
     Snake Pit |   2404 |   2382 |     22 |    489 |   1242 |   2 | 1202.0 |
         Sewer |    489 |    489 |      0 |      0 |    281 |   1 |  489.0 |
               +--------+--------+--------+--------+--------+-----+--------+

Top non-repeatable levels by time:
     D:9: 1867 daAuts
  Lair:2: 1619 daAuts
 Snake:1: 1423 daAuts
     D:5: 1335 daAuts
  Lair:1: 1206 daAuts
     D:8: 1175 daAuts
     D:4: 1149 daAuts
     D:7: 1111 daAuts
     D:1: 1008 daAuts
 Snake:2: 981 daAuts
     D:6: 973 daAuts
     D:2: 786 daAuts
     D:3: 675 daAuts
  Lair:3: 611 daAuts
   Sewer: 489 daAuts
